 Seeded DCSS version 0.29-a0-393-g47a863cc1b (webtiles) character file.

Game seed: 8207693659076144830 (custom seed)

19 NinjaNoafa the Shield-Bearer (level 2, -1/29 HPs)
             Began as a Troll Fighter on May 9, 2022.
             Slain by a gnoll
             ... wielding a +0 club
              (4 damage)
             ... on level 2 of the Dungeon.
             The game lasted 00:00:41 (588 turns).

NinjaNoafa the Shield-Bearer (Troll Fighter)         Turns: 588, Time: 00:00:41

Health: -1/29      AC:  4    Str: 23    XL:     2   Next: 55%
Magic:  1/1        EV:  8    Int:  6    God:
Gold:   31         SH:  7    Dex:  9    Spells: 1/1 levels left

rFire   + . .      SeeInvis .     - Unarmed
rCold   . . .      Faith    .   b - +0 kite shield
rNeg    . . .      Spirit   .   a - +0 robe
rPois   .          Reflect  .   (helmet restricted)
rElec   .          Harm     .   (no cloak)
rCorr   .          Rampage  .   (gloves unavailable)
Will    .....                   (boots unavailable)
Stlth   +.........              (no amulet)
HPRegen 0.89/turn               (no ring)
MPRegen 0.07/turn               (no ring)

@: lethally poisoned (-1 -> -1)
A: large, unfitting armour, claws 3, regeneration 1, shaggy fur 1, tough skin 1,
clever 1, fire resistance 1, mutation resistance 1
a: no special abilities


You were on level 2 of the Dungeon.
You visited 1 branch of the dungeon, and saw 2 of its levels.

You collected 31 gold pieces.

Inventory:

Armour
 a - a +0 robe (worn)
 b - a +0 kite shield (worn)
Scrolls
 f - a scroll of immolation {unknown}
 h - a scroll of poison {unknown}
Potions
 c - 2 potions of might
 e - a potion of mutation
 g - a potion of heal wounds {unknown}


   Skills:
 + Level 2.6 Fighting
 + Level 2.6 Dodging
 + Level 2.6 Shields
 * Level 2.5 Unarmed Combat


You had one spell level left.
You didn't know any spells.
Your spell library contained the following spells:

 Spells                   Type           Power      Damage    Failure   Level
 Beastly Appendage        Tmut           0%         N/A       77%         1
 Wereblood                Tmut           0%         N/A       88%         2
 Spider Form              Tmut/Pois      0%         N/A       98%         3


Dungeon Overview and Level Annotations

Branches:
Dungeon (2/15)

Altars:


Innate Abilities, Weirdness & Mutations

You are too large for most types of armour.
You have claws for hands.
Your natural rate of healing is unusually fast.
You are covered in fur. (AC +1)
You have tough skin. (AC +1)
Your mind is acute. (Int +2)
Your flesh is heat resistant. (rF+)
You are somewhat resistant to further mutation.


Message History

Things that are here:
a +0 whip; 3 stones; a kobold corpse
There is a stone staircase leading down here.
Key pressed, stopping explore.
Done exploring.
There is an escape hatch in the floor here.
You slide downwards.
The hatch slams shut behind you.
The gnoll shouts!
You hear a shout! x3
Found a steel ring.
Found a stone staircase leading down.
Unknown command.
You scratch the rat but do no damage. The rat bites you but does no damage.
You scratch the rat.
You kill the rat!
You scratch the gnoll.
The gnoll is heavily wounded.
A gnoll comes into view. It is wielding a +0 spear.
The gnoll hits you with a +2 flail of venom!
You are poisoned.
You scratch the gnoll.
The gnoll is almost dead.
You feel very sick. The gnoll closely misses you.
The gnoll hits you with a +0 club.
You closely miss the gnoll.
The gnoll is almost dead.
You feel sick.
The gnoll hits you from afar with a +0 spear.
A gnoll comes into view. It is wielding a +0 spear.
You block the gnoll's attack. The gnoll hits you with a +0 club!
* * * LOW HITPOINT WARNING * * *
It was a potion of curing.
You feel better. You block the gnoll's attack. The gnoll closely misses you.
The gnoll hits you with a +0 club.
It was a potion of mutation.
You feel extremely strange.
You feel clever.
You feel genetically stable.
You feel resistant to heat. You block the gnoll's attack.
The gnoll hits you with a +2 flail of venom.
You are poisoned.
The gnoll hits you with a +0 club!
* * * LOW HITPOINT WARNING * * *
You feel sick. The gnoll hits you with a +0 club.
You die...

#.... #...#
#...# #...#
#...# #####...#
..
#.......###....
#......@g......
#..>....#######
#.....gg.=.....
#.....g########
#####.. #.. #.#
#. #.


You could see 4 gnolls.

Vanquished Creatures
  3 ball pythons (D:1)
  2 endoplasms (D:1)
  2 giant cockroaches (D:1)
  A goblin (D:1)
  5 bats (D:1)
  A frilled lizard (D:1)
  3 kobolds (D:1)
  2 rats
19 creatures vanquished.

Notes
Turn   | Place    | Note
-------+----------+-------------------------------------------
     0 | D:1      | NinjaNoafa the Troll Fighter began the quest for the Orb.
     0 | D:1      | Reached XP level 1. HP: 22/22 MP: 0/0
   188 | D:1      | Reached XP level 2. HP: 28/29 MP: 1/1
   587 | D:2      | Gained mutation: Your mind is acute. (Int +2) [potion of
                  | mutation]
   587 | D:2      | Gained mutation: You are somewhat resistant to further
                  | mutation. [potion of mutation]
   587 | D:2      | Gained mutation: Your flesh is heat resistant. (rF+)
                  | [potion of mutation]
   588 | D:2      | Slain by a gnoll

Illustrated notes

Levels and vault maps discovered:
D:1:      dpeg_arrival_solitude, layout_basic, serial_aquarium,
          aquarium_bridge_square [aquarium_subvault_bridge,
          aquarium_subvault_wall, aquarium_subvault_window,
          aquarium_subvault_balcony], aquarium_bridge_square
          [aquarium_subvault_balcony, aquarium_subvault_bridge,
          aquarium_subvault_bridge, aquarium_subvault_window],
          aquarium_window_fake, aquarium_window_corner, aquarium_window_1,
          aquarium_window_corner, aquarium_view_2b, aquarium_balcony_1b,
          aquarium_pool_double
D:2:      layout_basic, hellmonk_ecumenical_altar_pennies_from_heaven,
          uniq_terence, uniq_natasha

Action                   || total
-------------------------++-------
Melee: Unarmed           ||    46
  Use: Potion            ||     2
 Stab: Sleeping          ||     1
Armor: Robe              ||    21
Dodge: Dodged            ||    21
Block: Kite shield       ||    23

Table legend: (Time is in decaauts)
 A = Elapsed time spent in this place.
 B = Non-inter-level travel time spent in this place.
 C = Inter-level travel time spent in this place.
 D = Time resting spent in this place.
 E = Time spent auto-exploring this place.
 F = Levels seen in this place.
 G = Mean time per level.
                   A        B        C        D        E       F      G
               +--------+--------+--------+--------+--------+-----+--------+
         Total |    592 |    569 |     23 |      0 |    443 |   2 |  296.0 |
       Dungeon |    592 |    569 |     23 |      0 |    443 |   2 |  296.0 |
               +--------+--------+--------+--------+--------+-----+--------+

Top non-repeatable levels by time:
     D:1: 583 daAuts
     D:2: 8 daAuts
